 Dungeon Crawl Stone Soup version 0.28-a0-1518-gbe868bca14 (webtiles) character file.

Game seed: 12236056779124747329

51 knot the Chopper (level 3, 11/43 HPs)
             Began as a Demonspawn Berserker on Jan 17, 2022.
             Was a Follower of Trog.
             Quit the game on level 2 of the Dungeon.
             The game lasted 00:00:52 (1234 turns).

knot the Chopper (Demonspawn Berserker)             Turns: 1234, Time: 00:00:52

Health: 11/43      AC:  5    Str: 17    XL:     3   Next: 57%
Magic:  3/3        EV: 13    Int: 10    God:    Trog [*.....]
Gold:   57         SH:  0    Dex: 12    Spells: 2/2 levels left

rFire   . . .      SeeInvis .   a - +0 hand axe
rCold   . . .      Faith    .   (no shield)
rNeg    . . .      Spirit   .   c - +0 ring mail
rPois   .          Reflect  .   (no helmet)
rElec   .          Harm     .   (no cloak)
rCorr   .          Rampage  .   (no gloves)
Will    .....                   (no boots)
Stlth   ..........              (no amulet)
HPRegen 0.14/turn               (no ring)
MPRegen 0.08/turn               (no ring)

@: berserking, very quick
A: repulsion field 1, weakness stinger 1
a: Renounce Religion, Berserk


You were on level 2 of the Dungeon.
You worshipped Trog.
Trog was aware of your devotion.
You visited 1 branch of the dungeon, and saw 2 of its levels.

You collected 57 gold pieces.

Inventory:

Hand Weapons
 a - a +0 hand axe (weapon)
Missiles
 e - 10 stones (quivered)
Armour
 b - a +0 animal skin
 c - a +0 ring mail (worn)
Scrolls
 f - a scroll of amnesia {unknown}
 g - 5 scrolls of identify {unknown}
 h - a scroll of fear {unknown}
Potions
 d - a potion of might {unknown}


   Skills:
 - Level 3.0 Fighting
 + Level 4.2 Axes
 - Level 1.7 Armour
 - Level 1.7 Dodging


You had 2 spell levels left.
You didn't know any spells.
Your spell library was empty.

Dungeon Overview and Level Annotations

Branches:
Dungeon (2/15)

Altars:


Innate Abilities, Weirdness & Mutations

You are surrounded by a mild repulsion field. (EV +2)
You have a small tail.


Message History

Natasha howls an incantation.
You feel troubled. Natasha misses you.
You hit Natasha but do no damage.
Natasha is severely wounded.
Natasha closely misses you.
You completely miss Natasha.
Natasha is severely wounded.
Natasha claws you.
You closely miss Natasha.
Natasha is severely wounded.
Natasha mumbles some strange words.
You hit Natasha but do no damage.
Natasha is severely wounded.
Natasha claws you. x2
* * * LOW HITPOINT WARNING * * *
You are too injured to fight recklessly!
You are too injured to fight recklessly!
You are too injured to fight recklessly!
A red film seems to cover your vision as you go berserk!
You feel yourself moving faster!
You feel mighty! The crimson imp closely misses you. Natasha claws you.
* * * LOW HITPOINT WARNING * * *
You closely miss Natasha.
Natasha is severely wounded.
You hit the crimson imp. You hit Natasha.
You feel the power of Trog in you as your rage grows.
You kill Natasha!
Trog accepts your kill.
Trog appreciates your killing of a magic user.
Moaning pathetically, Natasha's spirit plunges into the ground.
The crimson imp disappears in a puff of smoke!
Your Axes skill increases to level 4!
You have reached level 3!
Your experience leads to an increase in your attributes!
Increase (S)trength, (I)ntelligence, or (D)exterity?
You feel clever. x2; Your demonic ancestry asserts itself...
You begin to radiate repulsive energy.
Are you sure you want to abandon this character and quit the game? (Confirm with "yes".)

##.#.....♣.♣♣.♣♣♣
#.###....♣.♣♣♣.♣
#..#.....♣♣.♣♣♣♣
#.#.##..♣..♣♣
#.#.####♣♣♣♣ . #.#.#
##.♣.♣♣♣ ...
#####.#.###...♣♣.♣....
...................#
#######.###...@†...#
#........§.(.#
######....#### #.#.##
#.#..# #......
####.#.# .#.# #


There were no monsters in sight!

Vanquished Creatures
  Natasha (D:2)
  A ball python (D:1)
  An endoplasm (D:1)
  A giant cockroach (D:2)
  A goblin (D:1)
  3 hobgoblins (D:1)
  4 jackals (D:1)
  A kobold (D:1)
  3 quokkas
  3 bats (D:1)
  A frilled lizard (D:1)
  3 rats
23 creatures vanquished.

Notes
Turn   | Place    | Note
-------+----------+-------------------------------------------
     0 | D:1      | knot the Demonspawn Berserker began the quest for the Orb.
     0 | D:1      | Reached XP level 1. HP: 18/18 MP: 1/1
   287 | D:1      | Reached skill level 3 in Axes
   475 | D:1      | Gained mutation: You have a small tail. [demonic ancestry]
   475 | D:1      | Reached XP level 2. HP: 19/24 MP: 2/2
  1185 | D:2      | Found a faded altar of an unknown god.
  1222 | D:2      | Noticed Natasha
  1230 | D:2      | Noticed a crimson imp
  1233 | D:2      | Killed Natasha
  1234 | D:2      | Reached skill level 4 in Axes
  1234 | D:2      | Gained mutation: You are surrounded by a mild repulsion
                  | field. (EV +2) [demonic ancestry]
  1234 | D:2      | Reached XP level 3. HP: 11/29 MP: 3/3
  1234 | D:2      | Quit the game

Illustrated notes

Levels and vault maps discovered:
D:1:      dpeg_arrival_line_fractal, layout_loops_ring
D:2:      layout_loops_ring, chequers_ecumenical_altar_grove,
          columned_hall_lemuel, uniq_natasha

Skill      XL: |  1  2 |
---------------+-------+-----
Axes           | 3 4 |  4.2
Fighting       | |  3.0
Armour         | |  1.7
Dodging        | |  1.7

Action                   || total
-------------------------++-------
Melee: Hand axe          ||    68
       Tailslap          ||     3
Invok: Berserk           ||     3
 Stab: Sleeping          ||     1
Armor: Ring mail         ||    28
       Animal skin       ||     2
Dodge: Dodged            ||    57

Table legend: (Time is in decaauts)
 A = Elapsed time spent in this place.
 B = Non-inter-level travel time spent in this place.
 C = Inter-level travel time spent in this place.
 D = Time resting spent in this place.
 E = Time spent auto-exploring this place.
 F = Levels seen in this place.
 G = Mean time per level.
                   A        B        C        D        E       F      G
               +--------+--------+--------+--------+--------+-----+--------+
         Total |   1261 |   1226 |     35 |    104 |    950 |   2 |  630.5 |
       Dungeon |   1261 |   1226 |     35 |    104 |    950 |   2 |  630.5 |
               +--------+--------+--------+--------+--------+-----+--------+

Top non-repeatable levels by time:
     D:1: 1062 daAuts
     D:2: 199 daAuts
